 Dungeon Crawl Stone Soup version 0.27.1-34-g3ba077fa99 (webtiles) character file.

Game seed: 9520384698516939197

147 cccc the Sneak (level 5, -8/34 HPs)
             Began as an Octopode Brigand on Jan 16, 2022.
             Mangled by an ice beast (12 damage)
             ... on level 3 of the Dungeon.
             The game lasted 00:08:02 (2830 turns).

cccc the Sneak (Octopode Brigand)                   Turns: 2830, Time: 00:08:02

Health: -8/34      AC:  1    Str: 10    XL:     5   Next: 29%
Magic:  5/5        EV: 13    Int: 13    God:
Gold:   64         SH:  0    Dex: 15    Spells: 4/4 levels left

rFire    . . .     SeeInvis .   a - +2 dagger (vorpal)
rCold    . . .     Faith    .   (no shield)
rNeg     . . .     Spirit   .   (helmet restricted)
rPois    .         Reflect  .   (no amulet)
rElec    .         Harm     .   g - ring of flight
rCorr    .         Rampage  .   (no ring)
Will     .....                  (no ring)
Stlth    ++++......             (no ring)
HPRegen  0.11/turn              (no ring)
MPRegen  0.09/turn              (no ring)
                                (no ring)
                                (no ring)

@: flying
A: almost no armour, amphibious, 8 rings, camouflage 1, gelatinous body 1,
(nimble swimmer 1), tentacles
a: no special abilities


You were on level 3 of the Dungeon.
You visited 1 branch of the dungeon, and saw 3 of its levels.

You collected 64 gold pieces.

Inventory:

Hand Weapons
 a - a +2 vorpal dagger (weapon)
Missiles
 h - 67 stones (quivered)
Jewellery
 g - a ring of flight (left tentacle)
Scrolls
 k - a scroll of enchant armour
 o - a scroll of noise {unknown}
Potions
 d - a potion of ambrosia {unknown}
 f - 2 potions of curing {unknown}
 j - a potion of flight {unknown}
 n - a potion of lignification {unknown}
 p - a potion of mutation {unknown}


   Skills:
 - Level 2.0 Fighting
 * Level 2.4 Short Blades
 * Level 4.1 Throwing
 * Level 1.9 Dodging
 * Level 6.4 Stealth


You had 4 spell levels left.
You didn't know any spells.
Your spell library contained the following spells:

 Spells                   Type           Power      Damage    Failure   Level
 Animate Skeleton         Necr           0%         N/A       30%         1
 Pain                     Necr           0%         1d4       30%         1
 Gell's Gravitas          Tloc           0%         N/A       67%         3
 Lesser Beckoning         Tloc           0%         N/A       67%         3
 Teleport Other           Tloc           0%         N/A       67%         3
 Vampiric Draining        Necr           0%         2d6       67%         3


Dungeon Overview and Level Annotations

Branches:
Dungeon (3/15)

Altars:
Gozag

Annotations:
D:3 Sigmund


Innate Abilities, Weirdness & Mutations

You cannot wear most types of armour.
You are amphibious.
You can wear up to eight rings at the same time.
Your skin changes colour to match your surroundings (Stealth+).
Your rubbery body absorbs attacks. (AC +1, EV +1)
((You are camouflaged near water. (Stealth+)))
You have tentacles for arms and can constrict up to eight enemies at once.


Message History

Throw: 71 stones
Press: ? - help, Q - select action Shift-Dir - straight line, f/p - goblin
Aim: a goblin, wielding a +0 dagger (55% to hit)
You throw a stone. The stone barely misses the goblin.
The stone hits the ice beast but does no damage.
Throw: 70 stones
Press: ? - help, Q - select action Shift-Dir - straight line, f/p - goblin
Aim: a goblin, wielding a +0 dagger (55% to hit)
You throw a stone. The stone closely misses the goblin.
The stone closely misses the ice beast.
Throw: 69 stones
Press: ? - help, Q - select action Shift-Dir - straight line, f/p - goblin
Aim: a goblin, wielding a +0 dagger (55% to hit)
You throw a stone. The stone hits the goblin.
The goblin is severely wounded.
You closely miss the goblin. You grab the goblin.
The goblin is severely wounded.
You constrict the goblin.
You kill the goblin!
Throw: 68 stones
Press: ? - help, Q - select action Shift-Dir - straight line, f - ice beast
Aim: an ice beast (62% to hit)
You throw a stone. The stone barely misses the ice beast.
You hit the ice beast. You squeeze the ice beast.
The ice beast is heavily wounded.
The ice beast misses you.
You completely miss the ice beast. Your squeeze misses the ice beast.
The ice beast is heavily wounded.
The ice beast misses you.
You hit the ice beast but do no damage.
The ice beast is moderately wounded.
The ice beast hits you. The ice beast freezes you!
You hit the ice beast.
The ice beast is heavily wounded.
The ice beast hits you. The ice beast freezes you!
* * * LOW HITPOINT WARNING * * *
The ice beast hits you.
* * * LOW HITPOINT WARNING * * *
The ice beast freezes you!
You die...

.# .# ######### #.......####
#..........# ############
#..........### ####...........
.............# #.......#######
#.......####.######.#...#...)....
######### #.#..@.#..............
#.#.##Y#...........###
#.#.##.#.#..######.#
#.#.##.#.........#.#
#.#.##.#.#...###.#.#
#.#.##.#.....#...#.#
#.#.##.#.#.#.#.###.#
#.#.##.#...........##
#.#.#......##.......#


You could see an ice beast.

Vanquished Creatures
  A hound (D:3)
  Robin (D:3)
  3 adders
  3 gnolls (D:2)
  A worm (D:2)
  An orc (D:3)
  5 ball pythons
  An endoplasm (D:2)
  9 goblins
  8 hobgoblins
  A kobold (D:3)
  2 quokkas (D:1)
  5 bats
  A frilled lizard (D:3)
  4 rats
46 creatures vanquished.

Notes
Turn   | Place    | Note
-------+----------+-------------------------------------------
     0 | D:1      | cccc the Octopode Brigand began the quest for the Orb.
     0 | D:1      | Reached XP level 1. HP: 14/14 MP: 1/1
   414 | D:1      | Reached XP level 2. HP: 19/19 MP: 2/2
   830 | D:2      | Reached skill level 6 in Stealth
  1065 | D:2      | Reached XP level 3. HP: 11/24 MP: 3/3
  1282 | D:2      | Found an opulent altar of Gozag.
  1421 | D:2      | Reached XP level 4. HP: 29/29 MP: 4/4
  1867 | D:3      | Reached XP level 5. HP: 22/34 MP: 5/5
  2214 | D:3      | Noticed Sigmund
  2519 | D:3      | Noticed Robin
  2540 | D:3      | Killed Robin
  2806 | D:3      | Noticed an ice beast
  2830 | D:3      | Mangled by an ice beast

Illustrated notes

Levels and vault maps discovered:
D:1:      minmay_arrival_semitransparent, layout_basic, chequers_jeans,
          dk_noncrumbling_3
D:2:      layout_basic, basic_altar
D:3:      layout_basic, uniq_sigmund, uniq_robin

Skill      XL: |  1  2  3  4  5 |
---------------+----------------+-----
Stealth        | 6 |  6.4
Throwing       | 3 4 |  4.1
Fighting       | |  2.0
Short Blades   | |  2.4
Dodging        | |  1.9

Action                   |  1- 3 |  4- 6 || total
-------------------------+-------+-------++-------
Melee: Dagger            |    17 |    42 ||    59
       Tentacles         |     4 |    11 ||    15
       Constrict         |     4 |     7 ||    11
Throw: Dart              |    69 |    67 ||   136
       Stone             |     4 |    20 ||    24
  Use: Scroll            |       |     4 ||     4
Armor: Skin              |     1 |       ||     1
Dodge: Dodged            |     5 |    23 ||    28
